cohdb
Replays
Latest Replays
All Replays
Popular Replays
Top Player Replays
Match Explorer
How It Works
Community
CoH3 Stats
Reddit
Sign in to upload your games and track your stats! →
Sign in with Steam
Match 41407839
Unlisted
Match 41407839
Overview
Messages
Build Orders
End
Kradschützen Motorcycle Team
Panzergrenadier Squad
Panzerpioneer Squad
Panzergrenadier Squad
Construct Light Support Kompanie
Fire Support Elements
Flakvierling Half-track
250 Light Carrier
Assault Mechanized Group
Selects Battlefield Espionage Battlegroup
Selects 250/3 Funkpanzerwagen
Construct Panzerarmee Kommand
Veteran Squad Leaders
Vehicle Survival Package
Panzer III L Medium Tank
Selects Advanced Ambush Training
Rapid Advance
Armored Reserves
Panzer IV Assault Group
알뜰펫
승구찌
NACASTA
DungGukMan
Zce
HOLD THE LINE
Mael Radec
kristof
0
0
Comments
sign in to comment!
No comments posted yet!